 Dungeon Crawl Stone Soup version 0.32-a0-872-g59262bdc9b (webtiles) character file.

Game seed: 17867608897022094406

5908 jasper the Cleaver (level 10, -1/81 HPs)
             Began as a Mountain Dwarf Brigand on Mar 30, 2024.
             Was a High Priest of Okawaru.
             Slain by a wraith (5 damage)
             ... on level 9 of the Dungeon.
             The game lasted 00:13:44 (9004 turns).

jasper the Cleaver (Mountain Dwarf Brigand)         Turns: 9004, Time: 00:13:44

Health: -1/81      AC: 13    Str: 24    XL:     10   Next: 53%
Magic:  16/16      EV: 13    Int: 19    God:    Okawaru [*****.]
Gold:   638        SH:  0    Dex: 11    Spells: 9/9 levels left

rFire   . . .        G - +1 hand axe (heavy)
rCold   . . .        (no shield)
rNeg    . . .        P - +0 plate armour
rPois   .            B - +2 helmet of Mirth {Int+7}
rElec   .            c - +1 cloak
rCorr   .            i - +0 pair of gloves
SInv    .            (no boots)
Will    +....        x - amulet of faith Stlth
                     y - +6 ring of strength
HPRegen 0.33/turn    n - +5 ring of evasion
MPRegen 0.15/turn

%: faith
@: heroic, corroded, slowed, invisible, very slow
A: runic magic, artefact enchanting
a: Renounce Religion, Heroism, Finesse, Duel


You were on level 9 of the Dungeon.
You worshipped Okawaru.
Okawaru was extremely pleased with you.
You visited 2 branches of the dungeon, and saw 10 of its levels.

You collected 638 gold pieces.

Inventory:

Hand Weapons
 e - a +0 flail
 G - a +1 heavy hand axe (weapon)
 N - a +0 war axe
Missiles
 d - 13 poisoned darts (quivered)
 g - 64 stones
 u - 6 darts of dispersal
 w - a boomerang
 O - 4 javelins
Armour
 b - a +0 robe
 c - a +1 cloak (worn)
 f - a +0 ring mail
 i - a +0 pair of gloves (worn)
 k - a +0 scale mail
 q - a +0 chain mail
 t - a +0 pair of gloves
 v - a +0 helmet
 B - the +2 helmet of Mirth (worn) {Int+7}
   (You found it on level 2 of the Dungeon)

   Int+7:     It affects your intelligence (+7).
 P - a +0 plate armour (worn)
Jewellery
 n - a +5 ring of evasion (right hand)
 p - an amulet of guardian spirit
 x - an amulet of faith (around neck)
 y - a +6 ring of strength (left hand)
 E - a ring of flight
Talismans
 r - a talisman of death
Wands
 A - a wand of roots (2)
 S - a wand of polymorph (8)
 X - a wand of flame (2)
Scrolls
 h - 4 scrolls of poison
 o - 2 scrolls of vulnerability
 s - a scroll of fog
 C - 2 scrolls of noise
 D - 5 scrolls of teleportation
 K - a scroll of revelation
 L - a scroll of immolation
 M - 2 scrolls of enchant armour
 T - 2 scrolls of fear
 Z - a scroll of torment
Potions
 m - a potion of brilliance
 z - 3 potions of haste
 F - 4 potions of curing
 H - 2 potions of lignification
 I - a potion of cancellation {unknown}
 J - 2 potions of magic
 Q - 2 potions of berserk rage {unknown}
 R - a potion of attraction {unknown}
 W - a potion of ambrosia {unknown}


   Skills:
 - Level 5.5(10.5) Fighting
 - Level 1.5(6.5) Short Blades
 - Level 14.0(19.0) Axes
 + Level 4.7(9.7) Throwing
 - Level 4.9(9.9) Armour
 - Level 0.6(5.6) Dodging
 - Level 2.9(7.9) Stealth
 - Level 8.0 Invocations


You had 9 spell levels left.
You didn't know any spells.
Your spell library contained the following spells:

 Spells                   Type           Power      Damage    Failure   Level
 Apportation              Tloc           0%         N/A       36%         1
 Jinxbite                 Hex            0%         N/A       50%         2
 Fugue of the Fallen      Necr           0%         N/A       73%         3
 Hailstorm                Conj/Ice       0%         3d5       73%         3
 Ozocubu's Armour         Ice            0%         N/A       73%         3
 Alistair's Intoxication  Alch           0%         N/A       100%        5
 Permafrost Eruption      Ice/Erth       0%         2x4d1     100%        6
 Manifold Assault         Tloc           0%         N/A       100%        7
 Summon Ice Beast         Ice/Summ       Unusable   N/A       N/A         3
 Sculpt Simulacrum        Ice/Alch       Unusable   N/A       N/A         6

Dungeon Overview and Level Annotations

Branches:
Dungeon (9/15)             Temple (1/1) D:4            Lair (0/5) D:8
    Orc: D:9-12

Altars:
Ashenzari
Cheibriados
Dithmenos
Elyvilon
Fedhas
Gozag
Hepliaklqana
Kikubaaqudgha
Makhleb
Nemelex Xobeh
Okawaru
Ru
Sif Muna
Trog
Uskayaw
Vehumet
Wu Jian
Xom
Yredelemnul
Zin
The Shining One

Shops:
D:6 [

Annotations:
D:2 1 runed translucent door, Crazy Yiuf
D:9 Maurice


Innate Abilities, Weirdness & Mutations

Your spellcasting is much less encumbered by armour.
You can use scrolls of enchantment on lesser artefacts.


Message History

You slash the wraith!
The wraith is moderately damaged.
The wraith closely misses you.
You hit the wraith but do no damage.
The wraith is moderately damaged.
The wraith hits you!
* * * LOW HITPOINT WARNING * * *
The wraith closely misses you.
You take 8 damage, and have 14/81 hp.
You feel much better.
You hear a zap.
A bolt of acid appears from out of thin air!
The bolt of acid hits you! The wraith hits you.
You regained 19 hp, and now have 33/81 hp.
You fade into invisibility!
The wraith barely misses you. Something hits you!
Something steals your +2 dagger!
Something bites you but does no damage. The wraith hits you.
* * * LOW HITPOINT WARNING * * *
You take 9 damage, and have 24/81 hp.
You barely miss the wraith.
The wraith is moderately damaged.
You closely miss something.
You hear some strange, mumbled words.
The wraith completely misses you.
You hit the wraith.
The wraith is heavily damaged.
The wraith hits you but does no damage.
You hit the wraith.
The wraith is heavily damaged.
You miss something. Something hits you.
* * * LOW HITPOINT WARNING * * *
Something steals 2 of your 3 boomerangs!
Something bites you but does no damage. The wraith hits you!
* * * LOW HITPOINT WARNING * * *
Something hits you!
* * * LOW HITPOINT WARNING * * *
Something steals your +6 ring of dexterity!
Something barely misses you. The wraith hits you.
You die...

#.........##...#.##..#
#..>......##..##.##..### #
#.........#........^...###
###########.###...........
#..........##.#.........
#..........##...........
#....................#.#
#?.).........##......#.#
#......@§....##......#.#
#######W##.#...........#
#K##.#####.##..#.. $§#..#
. #.##.## . #. #. .. .. ..
.. ...


You could see a wraith and a kobold (unable to see you).

Vanquished Creatures
  Joseph (D:7)
  A komodo dragon (D:7)
  A troll (D:9)
  Prince Ribbit (D:8)
  8 yaks
  A wyvern (D:9)
  2 shadows
  2 steam dragons
  An acid dragon (D:7)
  3 water moccasins
  2 orc warriors
  3 ice beasts
  An ogre (D:6)
  2 centaurs
  2 phantoms
  A kobold brigand (D:7)
  11 bullfrogs
  A scorpion (D:6)
  A killer bee (D:7)
  A howler monkey (D:6)
  A jelly (D:7)
  A bombardier beetle (D:6)
  3 hounds
  An orc priest (D:8)
  10 iguanas
  2 orc wizards (D:6)
  Natasha (thrice) (D:2)
  Robin (D:2)
  11 gnolls
  8 adders
  2 shadow imps (D:7)
  A white imp (D:6)
  4 ufetubi (D:6)
  2 ribbon worms
  2 dart slugs
  19 orcs
  6 bats
  8 endoplasms
  2 giant cockroaches (D:3)
  17 goblins
  12 hobgoblins
  6 jackals
  14 kobolds
  5 quokkas
  8 ball pythons
  10 frilled lizards
  6 rats
211 creatures vanquished.

Notes
Turn   | Place    | Note
-------+----------+-------------------------------------------
     0 | D:1      | jasper the Mountain Dwarf Brigand began the quest for the
                  | Orb.
     0 | D:1      | Reached XP level 1. HP: 17/17 MP: 1/1
   268 | D:1      | Reached skill level 1 in Armour
   321 | D:1      | Reached XP level 2. HP: 24/25 MP: 2/2
  1086 | D:2      | Reached XP level 3. HP: 14/31 MP: 1/3
  1268 | D:2      | Noticed Robin
  1311 | D:2      | Killed Robin
  1312 | D:2      | Reached XP level 4. HP: 29/40 MP: 4/4
  1431 | D:2      | Found a runed translucent door.
  1432 | D:2      | Noticed Crazy Yiuf
  1602 | D:2      | Identified the +2 helmet of Mirth {Int+7}
  1861 | D:2      | Noticed Natasha
  1868 | D:2      | Killed Natasha
  1947 | D:2      | Noticed Natasha
  1958 | D:2      | Killed Natasha
  1959 | D:2      | Reached XP level 5. HP: 47/47 MP: 5/5
  2077 | D:2      | Noticed Natasha
  2289 | D:2      | Killed Natasha
  2953 | D:3      | Reached skill level 1 in Axes
  3123 | D:4      | Noticed a phantom
  3162 | D:4      | Killed a phantom
  3163 | D:4      | Reached skill level 5 in Fighting
  3163 | D:4      | Reached skill level 2 in Axes
  3163 | D:4      | Reached XP level 6. HP: 53/56 MP: 6/6
  3423 | D:4      | Noticed an ice beast
  3431 | D:4      | Killed an ice beast
  3432 | D:4      | Reached skill level 3 in Axes
  3537 | D:4      | Found a staircase to the Ecumenical Temple.
  3544 | Temple   | Entered the Ecumenical Temple
  3553 | Temple   | Became a worshipper of Warmaster Okawaru
  3863 | D:4      | Found a glowing golden altar of the Shining One.
  4195 | D:5      | Entered Level 5 of the Dungeon
  4305 | D:5      | Reached skill level 4 in Axes
  4305 | D:5      | Reached XP level 7. HP: 53/61 MP: 5/7
  4449 | D:5      | Reached * piety under Okawaru
  4450 | D:5      | Reached skill level 5 in Axes
  4483 | D:5      | Reached skill level 6 in Axes
  4942 | D:5      | You are sucked into a shaft and drop 3 floors!
  4947 | D:8      | Found a shimmering altar of Xom.
  4947 | D:8      | Noticed an angel
  4948 | D:8      | Found a glowing silver altar of Zin.
  5122 | D:7      | Found a snail-covered altar of Cheibriados.
  5227 | D:7      | Found a white marble altar of Elyvilon.
  5227 | D:7      | Found a broken altar of Ashenzari.
  5237 | D:7      | Noticed a shadow
  5247 | D:7      | HP: 3/61 [something (24)]
  5248 | D:7      | Reached skill level 7 in Axes
  5252 | D:7      | Killed a shadow
  5253 | D:7      | Reached skill level 8 in Axes
  5253 | D:7      | Reached XP level 8. HP: 30/69 MP: 0/8
  5261 | D:7      | Reached ** piety under Okawaru
  5405 | D:7      | Reached skill level 9 in Axes
  5526 | D:7      | Reached skill level 10 in Axes
  5539 | D:7      | Reached skill level 11 in Axes
  5545 | D:7      | Reached *** piety under Okawaru
  5546 | D:7      | Reached XP level 9. HP: 46/74 MP: 6/9
  5699 | D:7      | Noticed a komodo dragon
  5746 | D:7      | Killed a komodo dragon
  5747 | D:7      | Reached skill level 12 in Axes
  6320 | D:6      | Found Gyaxt's Antique Armour Boutique.
  6327 | D:6      | Reached skill level 13 in Axes
  7013 | D:7      | Found a sacrificial altar of Ru.
  7016 | D:7      | Found a burning altar of Makhleb.
  7068 | D:7      | Reached skill level 14 in Axes
  7068 | D:7      | Reached skill level 1 in Invocations
  7302 | D:8      | Reached **** piety under Okawaru
  7322 | D:8      | Reached skill level 5 in Invocations
  7484 | D:8      | Reached XP level 10. HP: 62/81 MP: 11/14
  7616 | D:8      | Noticed Prince Ribbit
  7633 | D:8      | Killed Prince Ribbit
  7726 | D:8      | Found a hide-covered altar of Uskayaw.
  7726 | D:8      | Found a basalt altar of Yredelemnul.
  7993 | D:8      | Found a staircase to the Lair.
  8475 | D:7      | Noticed Joseph
  8475 | D:7      | Found a bloodstained altar of Trog.
  8475 | D:7      | Found an ornate altar of the Wu Jian Council.
  8483 | D:7      | Killed Joseph
  8607 | D:9      | Reached ***** piety under Okawaru
  8752 | D:9      | Received a gift from Okawaru
  8778 | D:9      | Found an ancient bone altar of Kikubaaqudgha.
  8977 | D:9      | Noticed Maurice
  8984 | D:9      | Something stole a tin of tremorstones (inert)
  9001 | D:9      | Something stole a +2 dagger
  9004 | D:9      | Something stole 3 boomerangs
  9004 | D:9      | HP: 4/81 [something (7)]
  9004 | D:9      | Something stole a +6 ring of dexterity
  9004 | D:9      | Slain by a wraith

Illustrated notes

Levels and vault maps discovered:
D:1:      dpeg_arrival_line_fractal, layout_basic, minmay_circled_x
D:2:      minmay_razor_zed, layout_rooms, uniq_natasha, uniq_robin,
          uniq_crazy_yiuf_cottage
D:3:      minmay_diamond_boxcup, layout_loops_cross, nicolae_the_louvre
D:4:      layout_basic, nicolae_overflow_crystal_walls,
          minmay_temple_entry_waves, nicolae_half_adder
D:5:      layout_cave_pods, corexii_checkpoint
D:6:      layout_loops_ring, serial_shops, nicolae_shop_tiny_glass,
          hangedman_decor_riveting, minmay_diced_spiral
D:7:      layout_basic, nicolae_overflow_hidden_temple, jmf_multi_god_temple,
          minmay_lizard_king, uniq_joseph
D:8:      layout_basic, grunt_temple_overflow_order_and_chaos_1,
          nicolae_overflow_two_pavilions, due_lair_maze_entry_diamond,
          uniq_prince_ribbit1
D:9:      layout_rooms, general_overflow_altar, uniq_maurice
Temple:   hellmonk_temple_two_chambers

Skill      XL: |  1  2  3  4  5  6  7  8  9 10 |
---------------+-------------------------------+-----
Armour         | 1 2 3 4 |  4.9
Fighting       | 3 4 5 |  5.5
Axes           | 2 4 8 11 14 | 14.0
Invocations    | 5 8 |  8.0
Throwing       | 4 |  4.7
Short Blades   | |  1.5
Dodging        | |  0.6
Stealth        | |  2.9

Action                     |  1- 3 |  4- 6 |  7- 9 | 10-12 || total
---------------------------+-------+-------+-------+-------++-------
  Melee: Dagger            |    96 |   364 |       |       ||   460
         Hand axe          |       |     8 |   262 |   108 ||   378
  Throw: Dart              |     8 |    27 |     1 |       ||    36
 Invoke: Heroism           |       |       |     3 |     1 ||     4
  Evoke: Wand              |       |     4 |     7 |     1 ||    12
         Tin of tremorston |       |       |       |     2 ||     2
    Use: Potion            |     1 |       |     4 |     2 ||     7
         Scroll            |       |    14 |     5 |     4 ||    23
   Stab: Sleeping          |     2 |       |       |       ||     2
         Invisible         |       |     3 |       |       ||     3
 Armour: Ring mail         |    44 |       |       |       ||    44
         Scale mail        |    55 |   233 |       |       ||   288
         Chain mail        |       |    94 |   168 |       ||   262
         Plate armour      |       |       |    54 |   115 ||   169
  Dodge: Dodged            |    39 |   137 |   191 |    53 ||   420

Table legend: (Time is in decaauts)
 A = Elapsed time spent in this place.
 B = Non-inter-level travel time spent in this place.
 C = Inter-level travel time spent in this place.
 D = Time resting spent in this place.
 E = Time spent auto-exploring this place.
 F = Levels seen in this place.
 G = Mean time per level.
                   A        B        C        D        E       F      G
               +--------+--------+--------+--------+--------+-----+--------+
         Total |   8997 |   8642 |    355 |    594 |   5900 |  10 |  899.7 |
       Dungeon |   8978 |   8631 |    347 |    594 |   5900 |   9 |  997.6 |
        Temple |     18 |     10 |      8 |      0 |      0 |   1 |   18.0 |
               +--------+--------+--------+--------+--------+-----+--------+

Top non-repeatable levels by time:
     D:8: 1465 daAuts
     D:7: 1266 daAuts
     D:4: 1111 daAuts
     D:2: 1076 daAuts
     D:1: 1058 daAuts
     D:6: 946 daAuts
     D:3: 926 daAuts
     D:5: 791 daAuts
     D:9: 336 daAuts
  Temple: 18 daAuts
